 Dungeon Crawl Stone Soup version bcrawl-1.21.3 (webtiles) character file.

Game seed: 15115154241849371919

67 Flugslaktarn the Sneak (level 3, 0/22 HPs)
             Began as a Skeleton Archaeologist on Mar 29, 2020.
             Slain by a leopard gecko (1 damage)
             ... on level 3 of the Dungeon.
             The game lasted 00:00:42 (1081 turns).

Flugslaktarn the Sneak (Skeleton Archaeologist)     Turns: 1081, Time: 00:00:43

Health: 0/22       AC:  6    Str: 17 (18) XL:     3   Next: 98%
Magic:  0/3        EV: 12    Int: 12      God:
Gold:   77         SH:  0    Dex:  6 (7)  Spells: 2/2 levels left

rFire    . . .     SeeInvis .   g - +1 dagger (vamp)
rCold    + . .     Gourm    .   (no shield)
rNeg     + + +     Faith    .   b - +1 robe
rPois    ∞         Spirit   +   c - +1 hat
rElec    .         Reflect  .   (no cloak)
rCorr    .         Harm     .   (no gloves)
MR       .....                  d - +1 pair of boots
Stlth    ++........             (no amulet)
HPRegen  0.07/turn              (no ring)
MPRegen  0.08/turn              (no ring)

@: no status effects
A: no food or potions, cold resistance 1, deterioration 1, negative energy
resistance 3, torment resistance, unbreathing, magic shield, sturdy frame 1,
spell healing
a: no special abilities


You were on level 3 of the Dungeon.
You were not hungry.

You visited 1 branch of the dungeon, and saw 3 of its levels.

You collected 77 gold pieces.

Inventory:

Hand Weapons
 a - a +0 whip
 g - a +1 vampiric dagger (weapon)
   (You took it off a goblin on level 1 of the Dungeon)
 j - a +0 hand axe
   (You found it on level 2 of the Dungeon)
Armour
 b - a +1 robe (worn)
 c - a +1 hat (worn)
 d - a +1 pair of boots (worn)
Scrolls
 e - 2 scrolls of magic mapping
 h - a scroll of fear {unknown}
 i - 4 scrolls of identify {unknown}
 k - a scroll of fog {unknown}
Miscellaneous
 f - a dusty tome


   Skills:
 + Level 2.7 Fighting
 * Level 2.4(2.6) Axes
 - Level 1.2(2.0) Maces & Flails
 + Level 1.3 Armour
 - Level 3.0 Dodging
 - Level 3.6 Stealth


You had 2 spell levels left.
You didn't know any spells.
Your spell library was empty.

Dungeon Overview and Level Annotations

Branches:
Dungeon (3/12)

Altars:
Fedhas

Annotations:
D:3 Terence


Innate Abilities, Weirdness & Mutations

You do not eat or drink.
You are immune to poison.
Your flesh is cold resistant. (rC+)
Your body sometimes deteriorates upon taking damage.
You are immune to negative energy. (rN+++)
You are immune to unholy pain and torment.
You can survive without breathing.
When hurt, damage is shared between your health and your magic reserves.
Your movements are slightly less encumbered by armour. (ER -2)
Casting spells heals you.


Message History

You closely miss Terence.
Terence is almost dead.
Terence hits you with a +0 hand axe.
Your body deteriorates!
You feel weakened.
You hit Terence.
Terence is almost dead.
The leopard gecko completely misses you.
Terence hits you but does no damage.
You hit Terence but do no damage.
Terence is almost dead.
The leopard gecko bites you but does no damage.
Terence says, "Don't bother to defend, it's pointless."
Terence hits you with a +0 hand axe!
* * * LOW HITPOINT WARNING * * *
You are too injured to fight recklessly!
You are too injured to fight recklessly!
You hit Terence but do no damage.
Terence is almost dead.
The leopard gecko bites you.
You die...

..............##....###
...........#......_.....
.............###....##..
....##...(.### #...###..
.............# ###.###..
#........##### #......
....)....### ###......
...........# ........#
......l@...# ........<
.......@...............#
.........##....#.....††.
.......### ....#.##.##..
.###... .... .. #.. ....
...... ..#.. ..... #.#.
...... .....# . .......
>#.....


You could see Terence and a leopard gecko.

Vanquished Creatures
  Jessica (D:3)
  Robin (D:3)
  An ooze (D:3)
  A worm (D:2)
  2 bats
  3 goblins
  2 hobgoblins
  4 jackals (D:3)
  2 kobolds
  2 quokkas (D:3)
  A frilled lizard (D:1)
  2 rats
22 creatures vanquished.

Notes
Turn   | Place    | Note
-------+----------+-------------------------------------------
     0 | D:1      | Flugslaktarn the Skeleton Archaeologist began the quest for
                  | the Orb.
     0 | D:1      | Reached XP level 1. HP: 12/12 MP: 1/1
   399 | D:2      | Reached XP level 2. HP: 12/17 MP: 2/2
   721 | D:3      | Reached skill level 1 in Axes
   805 | D:3      | Noticed Jessica
   806 | D:3      | Noticed Robin
   822 | D:3      | Killed Robin
   822 | D:3      | Reached XP level 3. HP: 11/22 MP: 0/3
   836 | D:3      | Killed Jessica
   836 | D:3      | Reached skill level 1 in Armour
  1004 | D:3      | Found a blossoming altar of Fedhas.
  1038 | D:3      | Noticed Terence
  1080 | D:3      | HP: 1/22 [Terence/+0 hand axe (7)]
  1081 | D:3      | Slain by a leopard gecko

Skill      XL: |  1  2  3 |
---------------+----------+-----
Fighting       | 2 |  2.7
Axes           | 1 2 |  2.4
Armour         | 1 |  1.3
Maces & Flails | |  1.2
Dodging        | |  3.0
Stealth        | |  3.6

Action                   || total
-------------------------++-------
Melee: Dagger            ||   146
       Whip              ||    11
 Stab: Sleeping          ||     4
Armor: Robe              ||    68
Dodge: Dodged            ||   120
